 Dungeon Crawl Stone Soup version 0.16.2-12-gd0ad4c3 (webtiles) character file.

2397 hannobal the Spear-Bearer (level 9, -5/64 HPs)
             Began as a Formicid Fighter on Oct 4, 2015.
             Was a Follower of Fedhas.
             Slain by an orc warrior
             ... wielding a +0 broad axe
              (18 damage)
             ... in a bailey.
             The game lasted 00:23:35 (7524 turns).

hannobal the Spear-Bearer (Formicid Fighter)        Turns: 7524, Time: 00:23:35

Health: -5/64      AC: 12    Str: 32 (34) XL:     9   Next: 74%
Magic:  14/14      EV:  6    Int:  7      God:    Fedhas [*.....]
Gold:   786        SH: 11    Dex: 10      Spells: 0 memorised, 8 levels left

rFire  . . .     SeeInvis +     a - +0 halberd
rCold  . . .     Clarity  .     P - +0 plate armour
rNeg   + . .     SustAb   .     c - +0 shield
rPois  .         Gourm    .     (helmet unavailable)
rElec  .         Spirit   .     k - +0 cloak
rCorr  .         Warding  +     (no gloves)
rMut   .         Stasis   +     (no boots)
MR     .....                    D - amulet of warding
Stlth  ..........               (no ring)
                                n - +4 ring of strength

@: mighty, not resistant to hostile enchantments, extremely unstealthy
A: permanent stasis, dig shafts and tunnels, four strong arms, antennae 3
a: Dig, Shaft Self, Evolution, Renounce Religion


You were in a bailey.
You worshipped Fedhas.
Fedhas was aware of your devotion.
You were not hungry.

You visited 2 branches of the dungeon, and saw 8 of its levels.
You also visited: Bailey.

You collected 1010 gold pieces.
You spent 224 gold pieces at shops.

Inventory:

Hand weapons
 a - a +0 halberd (weapon)
 b - a +0 hunting sling
 M - a +0 trident
Missiles
 f - 27 tomahawks of returning (quivered)
 g - 246 stones
 A - 68 sling bullets
 R - 10 poisoned sling bullets
Armour
 c - a +0 shield (worn)
 k - a +0 cloak (worn)
 P - a +0 plate armour (worn)
Jewellery
 n - a +4 ring of strength (left hand)
 t - an uncursed ring of ice
 D - an amulet of warding (around neck)
Magical devices
 l - a wand of frost (18)
 u - a wand of fire (8)
 G - a wand of polymorph (15)
 H - a wand of fire (6)
 I - a wand of paralysis (10)
 N - a wand of lightning (3)
Scrolls
 i - 10 scrolls of identify
 q - 5 scrolls of remove curse
 r - a scroll of magic mapping
 x - 3 scrolls of fear
 J - a scroll of fog
Potions
 v - a potion of flight
 w - 3 potions of curing
Miscellaneous
 h - a fan of gales
Comestibles
 d - 6 bread rations {@e1}
 m - 3 beef jerkies
 z - 2 fruits {!e}
 B - 4 meat rations {@e2}
 Q - a slice of pizza


   Skills:
 - Level 3.2 Fighting
 + Level 11.4 Polearms
 - Level 1.9(2.3) Slings
 - Level 1.2(1.6) Throwing
 - Level 3.2 Armour
 - Level 5.0 Shields
 - Level 1.6 Invocations
 - Level 1.9 Evocations


You had 8 spell levels left.
You didn't know any spells.

Dungeon Overview and Level Annotations

Branches:
Dungeon (7/15)             Temple (1/1) D:5

Altars:
Ashenzari
Cheibriados
Dithmenos
Elyvilon
Fedhas
Gozag
Kikubaaqudgha
Makhleb
Nemelex Xobeh
Okawaru
Qazlal
Ru
Sif Muna
Trog
Vehumet
Xom
Yredelemnul
Zin
The Shining One

Shops:
D:4 :   D:6 ?   D:7 :

Annotations:
D:3 Sigge!


Innate Abilities, Weirdness & Mutations

You are under a permanent stasis effect.
You can dig through walls and to a lower floor.
Your four strong arms can wield two-handed weapons with a shield.
You have a pair of large antennae on your head (SInv).


Message History

You puncture the orc warrior!
You kill the orc warrior!
Your base Slings skill increases to level 1!
You block the orc warrior's attack.
Your plate armour prevents you from hitting the orc warrior.
Your plate armour prevents you from hitting the orc warrior.
You block the orc warrior's attack.
You closely miss the orc warrior.
The orc warrior hits you with a broad axe!
You barely miss the orc warrior.
The orc warrior hits you with a broad axe!
* * * LOW HITPOINT WARNING * * *
You closely miss the orc warrior.
Evoke which item? (* to show all) (? for menu, Esc to quit)
Okay, then.
Drink which item? (? for menu, Esc to quit)
You feel very mighty all of a sudden.
The orc warrior hits you with a broad axe!!
You die...
Fedhas appreciates your contribution to the ecosystem.

##≈≈.......≈≈###.
+≈≈....†..≈≈'.'^
#≈≈.......≈≈####
##≈.......≈##
####'''####
##.....##
#∩?....∩#
#...8...#
##.)@..## ###o###
... ..... .......
.........
...........
......... ...


You could see an orc warrior.

Vanquished Creatures
  The ghost of Turgon the Grappler, an experienced TrMo of Ashenzari (Bailey)
  The ghost of Typee the Magician, an average DECj (D:4)
  Edmund (D:6)
  Menkaure (D:5)
  2 orc warriors (Bailey)
  An ice beast (D:6)
  A black bear (D:6)
  A centaur (D:4)
  2 ogres (D:4)
  Sigmund (D:3)
  A big kobold (D:7)
  2 giant frogs (D:6)
  2 scorpions
  3 crimson imps (D:5)
  5 hounds
  A quasit (D:5)
  A giant frog zombie (D:5)
  2 iguanas
  An orc priest (D:3)
  3 worker ants
  4 gnolls
  5 adders
  A giant mite (D:2)
  2 worms (D:4)
  15 orcs
  3 bat skeletons (D:4)
  11 giant cockroaches
  6 hobgoblins
  5 jackals
  2 quokkas (D:5)
  3 ball pythons
  8 bats
  5 giant geckos
  14 giant newts
  18 goblins
  23 kobolds
  10 rats
168 creatures vanquished.

Vanquished Creatures (others)
  45 toadstools
45 creatures vanquished.

Grand Total: 213 creatures vanquished

Notes
Turn   | Place    | Note
--------------------------------------------------------------
     0 | D:1      | hannobal, the Formicid Fighter, began the quest for the Orb.
     0 | D:1      | Reached XP level 1. HP: 18/18 MP: 1/1
   140 | D:1      | Reached XP level 2. HP: 24/24 MP: 3/3
   513 | D:1      | Reached XP level 3. HP: 29/29 MP: 4/4
  1139 | D:2      | Reached XP level 4. HP: 35/35 MP: 5/5
  1143 | D:2      | Reached skill level 4 in Polearms
  1523 | D:3      | Noticed Sigmund
  1856 | D:4      | Reached XP level 5. HP: 32/41 MP: 7/7
  1931 | D:4      | Reached skill level 5 in Polearms
  1956 | D:4      | Found Kudwaor's Book Shop.
  2185 | D:4      | Noticed an ogre
  2484 | D:4      | Reached XP level 6. HP: 35/47 MP: 8/8
  2602 | D:4      | Noticed Typee's ghost (average DECj)
  2617 | D:4      | Killed Typee's ghost
  2617 | D:4      | Reached skill level 6 in Polearms
  2617 | D:4      | Reached XP level 7. HP: 30/52 MP: 9/9
  2678 | D:4      | Killed an ogre
  2678 | D:4      | Reached skill level 7 in Polearms
  3273 | D:5      | Entered Level 5 of the Dungeon
  3392 | D:4      | Reached skill level 8 in Polearms
  3615 | D:5      | Reached XP level 8. HP: 58/58 MP: 11/11
  3835 | D:5      | Noticed Menkaure
  3841 | D:5      | Killed Menkaure
  3848 | D:5      | Reached skill level 9 in Polearms
  4117 | D:5      | Found a staircase to the Ecumenical Temple.
  4146 | Temple   | Entered the Ecumenical Temple
  4375 | Temple   | Became a worshipper of Fedhas Madash
  4616 | D:5      | Found a burning altar of Makhleb.
  4617 | D:5      | Found a bloodstained altar of Trog.
  4618 | D:5      | Found a shadowy altar of Dithmenos.
  4623 | D:5      | Found a glowing silver altar of Zin.
  4624 | D:5      | Found a white marble altar of Elyvilon.
  4932 | D:6      | Noticed Edmund
  4958 | D:6      | Killed Edmund
  4958 | D:6      | Reached skill level 10 in Polearms
  5138 | D:6      | Reached skill level 1 in Invocations
  5154 | D:6      | Reached skill level 1 in Evocations
  5154 | D:6      | Reached XP level 9. HP: 64/64 MP: 12/14
  5543 | D:6      | Found Pnaumaq's Magic Scroll Shop.
  5550 | D:6      | Bought a scroll of enchant armour for 112 gold pieces
  5550 | D:6      | Bought a scroll of enchant weapon for 112 gold pieces
  5975 | D:3      | Killed Sigmund
  6698 | D:3      | Reached skill level 5 in Shields
  6988 | D:7      | Acquired Fedhas' first power
  7053 | D:7      | Found Ghusesaidd's Book Emporium.
  7116 | D:7      | Found a flagged portal.
  7138 | Bailey   | Entered a bailey
  7141 | Bailey   | Noticed Turgon's ghost (experienced TrMo)
  7170 | Bailey   | Killed Turgon's ghost
  7170 | Bailey   | Reached skill level 11 in Polearms
  7440 | Bailey   | Reached skill level 1 in Throwing
  7518 | Bailey   | Reached skill level 1 in Slings
  7524 | Bailey   | Slain by an orc warrior

Action                   |  1- 3 |  4- 6 |  7- 9 || total
-------------------------+-------+-------+-------++-------
Melee: Trident           |   126 |   168 |   232 ||   526
       Halberd           |       |       |   248 ||   248
 Fire: Hunting sling     |       |       |     5 ||     5
 Abil: Dig               |       |     1 |     3 ||     4
Evoke: Wand              |       |     1 |     1 ||     2
  Use: Scroll            |     7 |     2 |     6 ||    15
       Potion            |     3 |     1 |     5 ||     9
  Eat: Chunk             |     1 |     5 |    13 ||    19
       Royal jelly       |       |       |     2 ||     2
       Fruit             |       |       |     1 ||     1
